 Dungeon Crawl Stone Soup version 0.29-a0-870-g2c972031a6 (webtiles) character file.

Game seed: 13647009126050954521

4 nxtlvl the Ducker (level 1, -1/13 HPs)
             Began as a Deep Elf Monk on July 17, 2022.
             Slain by a goblin
             ... wielding a +0 club
              (3 damage)
             ... on level 1 of the Dungeon.
             The game lasted 00:01:28 (241 turns).

nxtlvl the Ducker (Deep Elf Monk)                    Turns: 241, Time: 00:01:29

Health: -1/13      AC:  2    Str:  8    XL:     1   Next: 58%
Magic:  3/3        EV: 13    Int: 14    God:
Gold:   17         SH:  0    Dex: 17    Spells: 0/0 levels left

rFire   . . .      SeeInvis .   a - +0 dagger (vamp)
rCold   . . .      Faith    .   (no shield)
rNeg    . . .      Spirit   .   b - +0 robe
rPois   .          Reflect  .   (no helmet)
rElec   .          Harm     .   (no cloak)
rCorr   .          Rampage  .   (no gloves)
Will    .....                   (no boots)
Stlth   ++........              (no amulet)
HPRegen 0.04/turn               (no ring)
MPRegen 0.08/turn               (no ring)

@: no status effects
A: no striking features
a: no special abilities


You were on level 1 of the Dungeon.
You visited 1 branch of the dungeon, and saw 1 of its levels.

You collected 17 gold pieces.

Inventory:

Hand Weapons
 a - a +0 vampiric dagger (weapon)
Missiles
 e - 7 stones (quivered)
Armour
 b - a +0 robe (worn)
Scrolls
 f - a scroll of identify {unknown}
Potions
 c - a potion of ambrosia
 d - a potion of lignification {unknown}


   Skills:
 - Level 2.4 Fighting
 * Level 3.3 Short Blades
 - Level 3.6 Dodging
 - Level 2.4 Stealth


You couldn't memorise any spells.
You didn't know any spells.
Your spell library was empty.

Dungeon Overview and Level Annotations

Branches:
Dungeon (1/15)

Altars:


Message History

Adjust to which letter? (? for menu, Esc to quit)
a - a +0 vampiric dagger;
e - a +0 short sword (weapon)
You are now empty-handed.
You drop a +0 short sword.
You feel a sense of dread.
a - a +0 vampiric dagger (weapon)
Found 7 stones.
Found a scroll labelled ZENIGO FERCHOOT.
Found a mace.
Found 15 gold pieces.
You see here 7 stones.
e - 7 stones
f - a scroll labelled ZENIGO FERCHOOT You now have 15 gold pieces.
Found 2 gold pieces.
A bat comes into view.
Found 15 gold pieces.
A bat comes into view.
You see here 2 gold pieces.
You now have 17 gold pieces (gained 2).
A rat comes into view.
A goblin comes into view. It is wielding a +0 club.
Found a scroll labelled VAL JAPNIXZIDD.
The goblin shouts!
The goblin barely misses you.
You hit the goblin.
You feel better.
The goblin is heavily wounded.
You closely miss the goblin.
The goblin is heavily wounded.
The goblin hits you with a +0 club.
You closely miss the goblin.
The goblin is heavily wounded.
The goblin barely misses you.
You closely miss the goblin.
The goblin is heavily wounded.
The goblin hits you with a +0 club.
* * * LOW HITPOINT WARNING * * *
You hit the goblin.
You feel better.
The goblin is severely wounded.
The goblin hits you with a +0 club.
You die...

...... ...........
......##+###.....#.. .
.................#.. ..
.r...............#.. ...
....................
..............#.......##
..?...........#.......#
......#####...#.......##
......g@......#........#
..............#.........
#.............#.........
.................##.....
...................##.....
...................##.....
...................##.....
..........................
#........................


You could see a goblin.

Vanquished Creatures
  2 hobgoblins (D:1)
  A ball python (D:1)
  A goblin (D:1)
  A rat (D:1)
5 creatures vanquished.

Notes
Turn   | Place    | Note
-------+----------+-------------------------------------------
     0 | D:1      | nxtlvl the Deep Elf Monk began the quest for the Orb.
     0 | D:1      | Reached XP level 1. HP: 13/13 MP: 3/3
   241 | D:1      | Slain by a goblin

Illustrated notes

Levels and vault maps discovered:
D:1:      lightli_arrival_statue_moat, layout_basic,
          shapermc_ecumenical_altar_ellora

Action                   || total
-------------------------++-------
Melee: Short sword       ||    25
       Dagger            ||     5
Armor: Robe              ||     3
Dodge: Dodged            ||    15

Table legend: (Time is in decaauts)
 A = Elapsed time spent in this place.
 B = Non-inter-level travel time spent in this place.
 C = Inter-level travel time spent in this place.
 D = Time resting spent in this place.
 E = Time spent auto-exploring this place.
 F = Levels seen in this place.
 G = Mean time per level.
                   A        B        C        D        E       F      G
               +--------+--------+--------+--------+--------+-----+--------+
         Total |    238 |    238 |      0 |      0 |     38 |   1 |  238.0 |
       Dungeon |    238 |    238 |      0 |      0 |     38 |   1 |  238.0 |
               +--------+--------+--------+--------+--------+-----+--------+

Top non-repeatable levels by time:
     D:1: 238 daAuts
